 Dungeon Crawl Stone Soup version 0.29.1-15-g9cfb28693d (webtiles) character file.

Game seed: 8299279230789693239

6 promet the Grave Robber (level 1, 0/15 HPs)
             Began as a Naga Wanderer on Mar 15, 2023.
             Slain by a kobold
             ... wielding a +0 whip
              (2 damage)
             ... on level 1 of the Dungeon.
             The game lasted 00:02:04 (412 turns).

promet the Grave Robber (Naga Wanderer)              Turns: 412, Time: 00:02:05

Health: 0/15       AC:  1    Str: 16    XL:     1   Next: 90%
Magic:  2/2        EV:  9    Int: 13    God:
Gold:   5          SH:  0    Dex:  7    Spells: 2/2 levels left

rFire   . . .      SeeInvis +   a - +0 mace
rCold   . . .      Faith    .   (no shield)
rNeg    . . .      Spirit   .   c - +0 leather armour
rPois   +          Reflect  .   (no helmet)
rElec   .          Harm     .   (no cloak)
rCorr   .          Rampage  .   (no gloves)
Will    .....                   (no barding)
Stlth   +.........              (no amulet)
HPRegen 0.05/turn               (no ring)
MPRegen 0.08/turn               (no ring)

@: very slow
A: AC +0, large, see invisible, deformed body, poison resistance, slowness 2,
spit poison 1, naga tail 1
a: Spit Poison


You were on level 1 of the Dungeon.
You visited 1 branch of the dungeon, and saw 1 of its levels.

You collected 5 gold pieces.

Inventory:

Hand Weapons
 a - a +0 mace (weapon)
 g - a +0 club
Missiles
 f - 5 stones
Armour
 c - a +0 leather armour (worn)
Wands
 d - a wand of flame (5) (quivered)
Scrolls
 b - a scroll of teleportation
Potions
 e - a potion of curing {unknown}


   Skills:
 + Level 0.2 Armour
 + Level 1.0 Dodging
 + Level 1.0 Spellcasting
 + Level 4.1 Necromancy
 + Level 1.0 Translocations
 + Level 3.1 Evocations


You had 2 spell levels left.
You didn't know any spells.
Your spell library contained the following spells:

 Spells                   Type           Power      Damage    Failure   Level
 Necrotise                Necr           44%        1d6       6%          1
 Apportation              Tloc           6%         N/A       22%         1
 Vampiric Draining        Necr           11%        2d6       19%         3
 Dispel Undead            Necr           11%        3d9       54%         4
 Portal Projectile        Hex/Tloc       2%         N/A       63%         3


Dungeon Overview and Level Annotations

Branches:
Dungeon (1/15)

Altars:


Innate Abilities, Weirdness & Mutations

Your serpentine skin is tough. (AC +0)
You have supernaturally acute eyesight. (SInv)
Armour fits poorly on your strangely shaped body.
Your system is resistant to poisons. (rPois)
You cover ground very slowly.
You can spit poison.
You have a snake-like lower body.


Message History

Things that are here:
a +0 club; a goblin corpse
Found a stone staircase leading down.
There is a stone staircase leading down here.
A ball python comes into view.
Found a hand axe.
The ball python hisses angrily.
An endoplasm and a frilled lizard come into view.
Found a fuming inky potion.
The frilled lizard hisses angrily.
You hear a shout!
You hear an angry hiss.
A kobold comes into view. It is wielding a +0 whip.
The endoplasm moves out of view.
You hear a shout!
The ball python bites you.
You barely miss the ball python. The ball python bites you.
You sock the ball python!
You kill the ball python!
You hit the frilled lizard.
You kill the frilled lizard!
Things that are here:
a frilled lizard corpse; a ball python corpse You start resting.
A kobold is nearby!
You closely miss the kobold. The kobold hits you with a +0 whip.
You closely miss the kobold. The kobold hits you but does no damage.
The kobold closely misses you.
You barely miss the kobold. The kobold hits you with a +0 whip.
You hit the kobold.
The kobold is severely wounded.
The kobold hits you with a +0 whip.
* * * LOW HITPOINT WARNING * * *
The kobold hits you but does no damage.
You closely miss the kobold.
The kobold is severely wounded.
The kobold hits you with a +0 whip.
* * * LOW HITPOINT WARNING * * *
You barely miss the kobold.
The kobold is severely wounded.
The kobold hits you with a +0 whip.
You die...

#. #)# #####.
#.# ......#
#.# #....##
#.#
#.....######.#
#......>##.#
#.#.###.##.# .
# #K# #.##.#
#K.## #@#
#.##.##
#l.!#.#
#..#..#
#.....#
##..#.#
...).####
##.#.# #...
#.#.## ###
#.#..# #..#.#
##...# #####


You could see a kobold.

Vanquished Creatures
  A ball python (D:1)
  A giant cockroach (D:1)
  A goblin (D:1)
  A hobgoblin (D:1)
  A frilled lizard (D:1)
5 creatures vanquished.

Notes
Turn   | Place    | Note
-------+----------+-------------------------------------------
     0 | D:1      | promet the Naga Wanderer began the quest for the Orb.
     0 | D:1      | promet set off with the following items: a +0 club, a
                  | scroll of teleportation, a +0 leather armour, a wand of
                  | flame (5); and the following spells available to memorise:
                  | Necrotise, Apportation, Vampiric Draining, Dispel Undead,
                  | Portal Projectile.
     0 | D:1      | Reached XP level 1. HP: 15/15 MP: 2/2
   412 | D:1      | Slain by a kobold

Illustrated notes

Levels and vault maps discovered:
D:1:      dpeg_arrival_signposts, layout_basic, minmay_hexomino_c4

Action                   || total
-------------------------++-------
Melee: Club              ||    12
       Mace              ||    11
 Abil: Spit Poison       ||     1
Armor: Leather armour    ||     5
Dodge: Dodged            ||     9
